 Dungeon Crawl Stone Soup version 0.29-a0-529-gfa20dd96a1 (webtiles) character file.

Game seed: 1018681652848380925

2 sanka the Ruffian (level 1, 23/23 HPs)
             Began as a Gnoll Cinder Acolyte on June 1, 2022.
             Was a Follower of Uskayaw.
             Quit the game on level 1 of the Dungeon.
             The game lasted 00:00:29 (206 turns).

sanka the Ruffian (Gnoll Cinder Acolyte)             Turns: 206, Time: 00:00:30

Health: 23/23      AC:  2    Str: 13    XL:     1   Next: 30%
Magic:  4/4        EV: 11    Int: 13    God:    Uskayaw [*.....]
Gold:   17         SH:  0    Dex:  7    Spells: 5/5 levels left

rFire   . . .      SeeInvis .     - Unarmed
rCold   . . .      Faith    .   (no shield)
rNeg    . . .      Spirit   .   a - +0 robe
rPois   .          Reflect  .   (no helmet)
rElec   .          Harm     .   (no cloak)
rCorr   .          Rampage  .   (no gloves)
Will    .....                   (no boots)
Stlth   +.........              (no amulet)
HPRegen 0.07/turn               (no ring)
MPRegen 0.09/turn               (no ring)

@: fire susceptible
A: fangs 1, strong nose, distributed training
a: Renounce Religion, Stomp


You were on level 1 of the Dungeon.
You worshipped Uskayaw.
Uskayaw was noncommittal.
You visited 1 branch of the dungeon, and saw 1 of its levels.

You collected 17 gold pieces.


Innate Abilities, Weirdness & Mutations

You have very sharp teeth.
Your uncanny sense of smell can sniff out nearby items.
Your experience applies equally to all skills.


   Skills:
 + Level 6.4 Fighting
 + Level 0.0 Short Blades
 + Level 0.0 Long Blades
 + Level 0.0 Axes
 + Level 0.0 Maces & Flails
 + Level 0.0 Polearms
 + Level 0.0 Staves
 + Level 0.0 Slings
 + Level 0.0 Bows
 + Level 0.0 Crossbows
 + Level 0.0 Throwing
 + Level 0.0 Armour
 + Level 0.0 Dodging
 + Level 0.0 Stealth
 + Level 0.0 Shields
 + Level 6.4 Unarmed Combat
 + Level 2.6 Spellcasting
 + Level 0.0 Conjurations
 + Level 0.0 Hexes
 + Level 0.0 Summonings
 + Level 0.0 Necromancy
 + Level 0.0 Translocations
 + Level 0.0 Transmutations
 + Level 5.3 Fire Magic
 + Level 0.0 Ice Magic
 + Level 0.0 Air Magic
 + Level 0.0 Earth Magic
 + Level 0.0 Poison Magic
 + Level 0.1 Invocations
 + Level 0.0 Evocations


You had 5 spell levels left.
You didn't know any spells.
Your spell library contained the following spells:

 Spells                   Type           Power      Damage    Failure   Level
 Scorch                   Fire           30%        2d6       4%          2

Inventory:

Armour
 a - a +0 robe (worn)

Dungeon Overview and Level Annotations

Branches:
Dungeon (1/15)

Altars:
Uskayaw

....▒▒ ▒..▒
▒▒▒▒▒..▒▒▒▒.▒▒▒▒▒▒▒
▒ .............)..
.▒ ▒▒▒▒▒▒▒▒.▒▒▒..▒▒
▒.▒ ▒.▒▒ ▒▒▒..▒.
▒..▒ ...▒... ▒▒.▒
.⌠..▒ ▒.▒▒▒▒).⌠.▒
▒.▒8▒g▒ ▒▒...▒∩▒
▒.⌠..▒▒ ∆ ▒..⌠.8▒
▒.▒...▒▒ ▒▒.▒▒▒.▒
▒▒ .▒ ▒▒


There were no monsters in sight!


Message History

You blink.
Nothing quivered!
You punch the kobold!
You kill the kobold!
No target in view!
Found 21 stones.
Found 10 gold pieces.
You now have 17 gold pieces (gained 10).
Found a stone staircase leading down.
Found a dagger.
There is a stone staircase leading down here.
Found a dagger.
Found a faded altar of an unknown god.
A kobold comes into view. It is wielding a +0 whip.
There is a faded altar of an unknown god here.
You barely miss the kobold. The kobold barely misses you.
You hit the kobold.
You kill the kobold!
No target in view!
No target in view!
You cannot tell which god this altar belongs to.
Convert to them anyway?
Really abandon Ignis for an unknown god?
Uskayaw accepts your prayer!
You have lost your religion!
Ignis blazes with a vengeful fury!
Ignis burns away your resistance to fire.
Uskayaw welcomes you!
You can now stomp with the beat.
Are you sure you want to abandon this character and quit the game? (Confirm with "yes".)

Action                   || total
-------------------------++-------
Melee: Unarmed           ||     3
Dodge: Dodged            ||     1

Levels and vault maps discovered:
D:1:      dpeg_arrival_arbitrary_a, layout_basic,
          shapermc_ecumenical_altar_venn, serial_co_window_serial,
          co_window_corner_a, co_window_paths_a, co_window_cross_1,
          co_window_paths_b, co_window_corner_a, co_window_of_opportunity_c,
          co_window_broadway_a, co_window_of_opportunity_c, co_window_cross_3,
          co_window_broadway_a, glass_columns_a, glass_columns_a,
          glass_columns_a, glass_columns_a

Notes
Turn   | Place    | Note
-------+----------+-------------------------------------------
     0 | D:1      | sanka the Gnoll Cinder Acolyte began the quest for the Orb.
     0 | D:1      | Reached XP level 1. HP: 23/23 MP: 4/4
   196 | D:1      | Found a faded altar of an unknown god.
   205 | D:1      | Prayed at the altar of an unknown god.
   205 | D:1      | Fell from the grace of Ignis
   205 | D:1      | Became a worshipper of Uskayaw the Reveller
   205 | D:1      | Reached * piety under Uskayaw
   206 | D:1      | Quit the game

Vanquished Creatures
  2 kobolds (D:1)
2 creatures vanquished.
